 Dungeon Crawl Stone Soup version 0.29.1-1-gd02db6906a (webtiles) character file.

Game seed: 690124720460910416

1024 mcbry74 the Arsonist (level 8, -1/57 HPs)
             Began as a Hill Orc Fire Elementalist on Oct 11, 2022.
             Was a Follower of Sif Muna.
             Slain by a steam dragon (2 damage)
             ... on level 5 of the Dungeon.
             The game lasted 00:22:12 (7454 turns).

mcbry74 the Arsonist (Hill Orc Fire Elementalist)   Turns: 7454, Time: 00:22:13

Health: -1/57      AC:  3    Str: 17    XL:     8   Next: 22%
Magic:  0/10       EV: 16    Int: 17    God:    Sif Muna [*.....]
Gold:   160        SH:  0    Dex: 11    Spells: 3/10 levels left

rFire   . . .      SeeInvis .   l - +0 hand axe
rCold   . . .      Faith    .   (no shield)
rNeg    . . .      Spirit   .   a - +0 robe
rPois   .          Reflect  .   (no helmet)
rElec   .          Harm     .   v - +0 cloak
rCorr   .          Rampage  .   (no gloves)
Will    .....                   (no boots)
Stlth   ++........              (no amulet)
HPRegen 0.19/turn               f - +4 ring of evasion
MPRegen 0.12/turn               m - +6 ring of strength

@: no status effects
A: no striking features
a: Renounce Religion, Channel Magic


You were on level 5 of the Dungeon.
You worshipped Sif Muna.
Sif Muna was aware of your devotion.
You visited 2 branches of the dungeon, and saw 6 of its levels.

You collected 160 gold pieces.

Inventory:

Hand Weapons
 d - a +0 dagger
 j - a +0 war axe
 l - a +0 hand axe (weapon)
Missiles
 p - 6 poisoned darts (quivered)
 y - 3 boomerangs
 z - 3 silver boomerangs
Armour
 a - a +0 robe (worn)
 v - a +0 cloak (worn)
Jewellery
 f - a +4 ring of evasion (left hand)
 m - a +6 ring of strength (right hand)
 q - a +6 ring of strength
Wands
 C - a wand of flame (28)
Scrolls
 c - a scroll of acquirement {unknown}
 n - 4 scrolls of silence
 o - 2 scrolls of fog
 r - 2 scrolls of teleportation
 s - a scroll of amnesia
 t - a scroll of magic mapping {unknown}
 u - a scroll of enchant weapon {unknown}
 w - 4 scrolls of poison {unknown}
 x - a scroll of fear {unknown}
 A - a scroll of noise {unknown}
 B - 2 scrolls of vulnerability {unknown}
 D - a scroll of identify
Potions
 b - a potion of magic
 e - a potion of might {unknown}
 g - a potion of experience {unknown}
 h - a potion of lignification {unknown}
 i - a potion of cancellation {unknown}
 k - 2 potions of brilliance {unknown}


   Skills:
 + Level 5.4 Axes
 - Level 1.5 Dodging
 - Level 1.5 Stealth
 - Level 1.5 Spellcasting
 + Level 4.6 Conjurations
 * Level 8.1 Fire Magic


You had 3 spell levels left.
You knew the following spells:

 Your Spells              Type           Power      Damage    Failure   Level
a - Foxfire               Conj/Fire      92%        2x1d8     1%          1
b - Scorch                Fire           58%        2d7       1%          2
c - Flame Wave            Conj/Fire      23%        2d8       14%         4

Your spell library contained the following spells:

 Spells                   Type           Power      Damage    Failure   Level
 Conjure Flame            Conj/Fire      23%        6-21      4%          3
 Inner Flame              Hex/Fire       15%        N/A       12%         3
 Ozocubu's Armour         Ice            1%         N/A       52%         3
 Portal Projectile        Hex/Tloc       2%         N/A       52%         3
 Tukima's Dance           Hex            1%         N/A       52%         3
 Blade Hands              Tmut           0%         N/A       99%         5
 Ozocubu's Refrigeration  Ice            0%         4d7       100%        7


Dungeon Overview and Level Annotations

Branches:
Dungeon (5/15)             Temple (1/1) D:4

Altars:
Ashenzari
Cheibriados
Dithmenos
Elyvilon
Fedhas
Gozag
Hepliaklqana
Kikubaaqudgha
Makhleb
Nemelex Xobeh
Okawaru
Qazlal
Ru
Sif Muna
Trog
Uskayaw
Wu Jian
Xom
Yredelemnul
Zin
The Shining One

Shops:
D:4 (


Message History

You kill the steam dragon!
Sif Muna accepts your kill.
You are engulfed in a cloud of scalding steam.
The fungus is engulfed in a cloud of scalding steam.
The fungus begins to die.
A nearby fungus withers and dies. x2
The foxfire hits the steam dragon but does no damage.
The foxfire hits the steam dragon.
The steam dragon is lightly wounded.
The steam dragon bites you!
* * * LOW HITPOINT WARNING * * *
The steam dragon claws you.
* * * LOW HITPOINT WARNING * * *
Your Fire Magic skill increases to level 8!
Casting: Scorch (safe; 1% risk of failure)
Confirm with . or Enter, or press ? or * to list all spells.
Flames lash the steam dragon.
The steam dragon is moderately wounded.
The steam dragon's fire resistance burns away.
A nearby fungus withers and dies.
The steam dragon misses you. The steam dragon barely misses you.
Casting: Scorch (safe; 1% risk of failure)
Confirm with . or Enter, or press ? or * to list all spells.
You conjure some foxfire!
The steam dragon bites you.
* * * LOW HITPOINT WARNING * * *
The steam dragon claws you.
* * * LOW HITPOINT WARNING * * *
Unknown command.
You barely miss the steam dragon.
The steam dragon is moderately wounded.
A nearby fungus withers and dies.
The foxfire hits the steam dragon.
The steam dragon is burned terribly!
The steam dragon is heavily wounded.
The foxfire hits the steam dragon but does no damage.
The steam dragon is heavily wounded.
The steam dragon closely misses you. The steam dragon claws you.
* * * LOW HITPOINT WARNING * * *
Okay, then.
You fail to use your ability.
The steam dragon misses you. The steam dragon claws you.
You die...

...........# #####...#.
..#.#.####.# #......... .#.##.#
#.# #.###...#. #.###.# #### #.#
###### ......# ##.P## #.# ####
####### ~.P..~####### #.# ###~~P
## P.....~P.~.~#######..P.~ .##
........§......~PP~~P~.. ..##
......D@§~~.~PP......... ...##
....~~#########~≈~PP.P.P
....#####^~P.P#####.##.########..
....'[..##~.^ #.............'.###
....####.#### #####.##.....##..>.
...## ##.#.# #.##.....###... ..##
###.# #........# ##.. .## #.#
#######.## ##. ## #.## #.# ##


You could see a steam dragon (combustible).

Vanquished Creatures
  A steam dragon (D:5)
  2 ogres
  2 necrophages (D:5)
  A scorpion (D:4)
  2 hounds
  4 orc priests (D:4)
  A jelly (D:5)
  A gnoll bouda (D:5)
  2 iguanas
  2 orc wizards
  3 gnolls (D:5)
  10 adders
  3 ufetubi
  A worm (D:2)
  3 dart slugs
  13 orcs
  7 endoplasms
  A giant cockroach (D:3)
  4 goblins
  2 hobgoblins
  2 jackals (D:1)
  3 quokkas
  8 ball pythons
  A bat (D:1)
  4 frilled lizards
  5 kobolds
  11 rats
99 creatures vanquished.

Vanquished Creatures (others)
  219 foxfires
  6 fungi (D:5)
225 creatures vanquished.

Grand Total: 324 creatures vanquished

Notes
Turn   | Place    | Note
-------+----------+-------------------------------------------
     0 | D:1      | mcbry74 the Hill Orc Fire Elementalist began the quest for
                  | the Orb.
     0 | D:1      | Reached XP level 1. HP: 14/14 MP: 3/3
   342 | D:1      | Reached XP level 2. HP: 18/20 MP: 1/4
   416 | D:1      | Learned a level 2 spell: Scorch
   704 | D:1      | Reached skill level 4 in Fire Magic
  1109 | D:1      | Reached XP level 3. HP: 26/26 MP: 2/5
  1393 | D:1      | Found a faded altar of an unknown god.
  2328 | D:2      | Reached skill level 1 in Axes
  2328 | D:2      | Reached XP level 4. HP: 33/33 MP: 3/6
  2938 | D:3      | Reached skill level 5 in Fire Magic
  3387 | D:3      | Reached XP level 5. HP: 25/38 MP: 7/7
  3752 | D:3      | Found an ornate altar of the Wu Jian Council.
  3755 | D:3      | Found an ornate altar of the Wu Jian Council.
  3755 | D:3      | Found a shadowy altar of Dithmenos.
  3757 | D:3      | Found an ornate altar of the Wu Jian Council.
  3757 | D:3      | Found a shimmering altar of Xom.
  3757 | D:3      | Found a radiant altar of Vehumet.
  3911 | D:3      | Found a glowing golden altar of the Shining One.
  3912 | D:3      | Found a white marble altar of Elyvilon.
  3918 | D:3      | Found a glowing silver altar of Zin.
  3995 | D:4      | Found Muges's Antique Weapon Shoppe.
  4219 | D:4      | Noticed an ogre
  4239 | D:4      | Killed an ogre
  4240 | D:4      | Reached XP level 6. HP: 45/45 MP: 1/8
  4359 | D:4      | Found an opulent altar of Gozag.
  4361 | D:4      | Found a broken altar of Ashenzari.
  4427 | D:4      | Reached skill level 6 in Fire Magic
  4580 | D:4      | HP: 1/45 [orc/+0 falchion (5)]
  4891 | D:4      | Found a staircase to the Ecumenical Temple.
  4900 | Temple   | Entered the Ecumenical Temple
  5152 | Temple   | Became a worshipper of Sif Muna the Loreminder
  5188 | D:4      | Reached XP level 7. HP: 22/50 MP: 1/9
  6073 | D:5      | Entered Level 5 of the Dungeon
  6249 | D:5      | Reached skill level 7 in Fire Magic
  6287 | D:5      | Learned a level 4 spell: Flame Wave
  6988 | D:5      | Reached * piety under Sif Muna
  6989 | D:5      | Reached skill level 5 in Axes
  6989 | D:5      | Reached XP level 8. HP: 57/57 MP: 1/10
  7088 | D:5      | Found an ornate altar of the Wu Jian Council.
  7451 | D:5      | Reached skill level 8 in Fire Magic
  7453 | D:5      | HP: 1/57 [steam dragon (5)]
  7454 | D:5      | Slain by a steam dragon

Illustrated notes

Levels and vault maps discovered:
D:1:      eino_arrival_tree_alley, layout_loops_corners,
          nicolae_ecumenical_snake_handling
D:2:      layout_basic
D:3:      layout_loops_ring, good_gods_temple_1, doesnt_xom_only_xom
D:4:      layout_basic, nicolae_overflow_squiral, minmay_temple_entry_glass,
          serial_shops, shop, kennysheep_nondescript, grunt_decor_clamped
D:5:      kennysheep_steamy, layout_loops_corners,
          mainiacjoe_overflow_surrounded_room, st_stairs_3, minmay_between
Temple:   eino_temple_water

Skill      XL: |  1  2  3  4  5  6  7  8 |
---------------+-------------------------+-----
Fire Magic     | 4 5 6 7 8 |  8.1
Conjurations   | 2 3 4 |  4.6
Axes           | 1 2 3 5 |  5.4
Dodging        | |  1.5
Stealth        | |  1.5
Spellcasting   | |  1.5

Action                   |  1- 3 |  4- 6 |  7- 9 || total
-------------------------+-------+-------+-------++-------
Melee: Dagger            |    19 |       |       ||    19
       Hand axe          |     3 |    47 |     7 ||    57
       War axe           |     1 |       |       ||     1
       Punch             |       |     1 |       ||     1
Throw: Dart              |       |       |     1 ||     1
 Cast: Foxfire           |    48 |    36 |    44 ||   128
       Scorch            |       |    26 |    20 ||    46
  Use: Scroll            |       |     5 |       ||     5
 Stab: Sleeping          |     2 |       |       ||     2
Armor: Robe              |     1 |     7 |     5 ||    13
Dodge: Dodged            |    23 |    54 |    29 ||   106
